 Dungeon Crawl Stone Soup version 0.25-a0-566-g062765be81 (webtiles) character file.

Game seed: 16733297690950392419, levelgen mode: deterministic

5132 Flugslaktarn the Cleaver (level 10, -4/98 HPs)
             Began as a Deep Dwarf Fighter on Feb 27, 2020.
             Was a Believer of Makhleb.
             Slain by a death yak (21 damage)
             ... on level 9 of the Dungeon.
             The game lasted 00:05:06 (4397 turns).

Flugslaktarn the Cleaver (Deep Dwarf Fighter)       Turns: 4397, Time: 00:05:06

Health: -4/98      AC: 13    Str: 23    XL:     10   Next: 33%
Magic:  2/2        EV:  5    Int:  6    God:    Makhleb [**....]
Gold:   267        SH: 10    Dex: 12    Spells: 9/9 levels left

rFire    . . .     SeeInvis .   m - +0 war axe of Desperation {holy, rPois rN+ Int-3 Stlth+} (curse)
rCold    . . .     Gourm    .   c - +0 kite shield
rNeg     + . .     Faith    .   k - +0 plate armour
rPois    +         Spirit   .   (no helmet)
rElec    .         Reflect  .   (no cloak)
rCorr    .         Harm     .   (no gloves)
MR       +....                  (no boots)
Stlth    ..........             (no amulet)
HPRegen  0.00/turn              (no ring)
MPRegen  0.08/turn              (no ring)

@: mighty, non-regenerating
A: damage resistance, heal wounds, sense surroundings 2, no regeneration
a: Heal Wounds, Minor Destruction, Renounce Religion


You were on level 9 of the Dungeon.
You worshipped Makhleb.
Makhleb was pleased with you.
You were not hungry.

You visited 2 branches of the dungeon, and saw 10 of its levels.
You also visited: Ossuary.

You collected 539 gold pieces.
You spent 272 gold pieces at shops.

Inventory:

Hand Weapons
 a - a +0 war axe
 m - the cursed +0 war axe of Desperation (weapon) {holy, rPois rN+ Int-3 Stlth+}
   (You bought it in a shop on level 8 of the Dungeon)

   It has been blessed by the Shining One to cause great damage to the undead
   and demons.
   It affects your intelligence (-3).
   It protects you from poison.
   It protects you from negative energy.
   It makes you more stealthy.
   It has a curse placed upon it.
 F - a +5 hand axe
   (You took it off a wight on level 7 of the Dungeon)
Missiles
 n - 3 throwing nets (quivered)
Armour
 c - a +0 kite shield (worn)
 k - a +0 plate armour (worn)
   (You took it off an orc warrior on level 6 of the Dungeon)
Wands
 r - a wand of enslavement (6)
   (You found it on level 8 of the Dungeon)
 v - a wand of digging (6)
   (You found it on level 4 of the Dungeon)
Scrolls
 j - a scroll of fear
 o - a scroll of magic mapping
 p - a scroll of enchant armour
 t - 3 scrolls of teleportation
 w - 4 scrolls of remove curse
 x - a scroll of immolation
 z - a scroll of blinking
Potions
 d - a potion of might
 f - 3 potions of brilliance
 g - 3 potions of stabbing
 h - 2 potions of lignification
 i - 2 potions of mutation {unknown}
 l - a potion of resistance {unknown}
 q - 3 potions of curing
 s - 2 potions of magic {unknown}
 u - 2 potions of cancellation {unknown}
 A - a potion of degeneration {unknown}
 B - a potion of heal wounds {unknown}
 C - 2 potions of haste {unknown}
 G - a potion of berserk rage {unknown}
Comestibles
 b - a chunk of flesh
 e - 19 rations


   Skills:
 * Level 8.9 Fighting
 * Level 10.3 Axes
 + Level 7.8 Armour
 + Level 5.0 Shields
 + Level 4.3 Invocations


You had 9 spell levels left.
You didn't know any spells.
Your spell library was empty.

Dungeon Overview and Level Annotations

Branches:
Dungeon (9/15)             Temple (1/1) D:7         Ossuary (visited)
   Lair: D:8-11         Orc: D:9-12

Altars:
Ashenzari
Cheibriados
Dithmenos
Elyvilon
Makhleb
Okawaru
Qazlal
Ru
Sif Muna
Trog
Uskayaw
Wu Jian
Xom
Zin
The Shining One

Shops:
D:6 (   D:7 *   D:8 (   D:9 (


Innate Abilities, Weirdness & Mutations

You are resistant to damage.
You can heal yourself by infusing magical energy.
You passively map the area around you.
You do not regenerate.


Message History

You are too injured to fight recklessly!
You block the quokka's attack.
A porcupine comes into view.
You feel much better. The death yak gores you.
You hit the death yak.
The death yak is moderately wounded.
You slash the quokka!
You kill the quokka!
Makhleb accepts your kill.
You hit the death yak but do no damage. The death yak gores you! x2
* * * LOW HITPOINT WARNING * * *
The death yak gores you!
* * * LOW HITPOINT WARNING * * *
You are too injured to fight recklessly!
You are too injured to fight recklessly!
Your plate armour prevents you from hitting the death yak.
The death yak is moderately wounded.
You hit the death yak. You hit the death yak but do no damage.
You block the death yak's attack. The death yak gores you!!
You die...

, *#..####.....###..###
##... ,
#...........##....###....
*
##...........##..........
,,
#.......#.....#......##.
##........#..........###.
,*
#r.##.....##.........#*..
.,
#..###rrr..#...####.... .
... ##r## ##YYY....##
....... ....####.r#
##@....## ........
......r#rr# ##...##**
........ ......).)###
*...#* ,, ,.
...#...#...### r....,, ,
,> . .......#.)...#
,,....... * ,,
...#...#................
.......#................,
,
.##.?..#.[..............
, , #######...##...# , ,


You could see 3 death yaks, a porcupine, 2 river rats and a rat.

Vanquished Creatures
  Joseph (D:7)
  A hungry ghost (D:7)
  Menkaure (D:7)
  A porcupine (D:9)
  3 orc warriors
  A sky beast (D:9)
  2 ice beasts
  8 ogres
  3 centaurs
  3 phantoms
  5 bullfrogs
  A big kobold (D:8)
  2 scorpions
  3 killer bees (D:8)
  7 wights
  A howler monkey (D:5)
  5 crimson imps
  A centaur zombie (D:6)
  A gnoll shaman (D:4)
  2 jellies
  3 bullfrog skeletons
  5 hounds
  9 orc priests
  4 iguanas
  10 orc wizards
  3 worker ants
  2 hound skeletons
  A hound zombie (D:5)
  8 mummies (Ossuary)
  A worker ant zombie (D:5)
  12 gnolls
  12 adders
  2 shadow imps
  3 oozes
  2 adder zombies
  2 worms
  A dart slug (D:2)
  5 leopard geckos
  33 orcs
  5 ball pythons
  A bat (D:1)
  5 giant cockroaches
  7 hobgoblins
  6 jackals (D:6)
  3 kobolds (D:8)
  4 quokkas
  3 frilled lizards
  2 hobgoblin zombies (Ossuary)
  3 kobold zombies (Ossuary)
  3 orc zombies (Ossuary)
  5 rats
217 creatures vanquished.

Vanquished Creatures (others)
  2 orcs (D:5)
2 creatures vanquished.

Grand Total: 219 creatures vanquished

Notes
Turn   | Place    | Note
-------+----------+-------------------------------------------
     0 | D:1      | Flugslaktarn the Deep Dwarf Fighter began the quest for the
                  | Orb.
     0 | D:1      | Reached XP level 1. HP: 20/20 MP: 1/1
   180 | D:1      | Reached XP level 2. HP: 27/27 MP: 2/2
   331 | D:2      | Found a sacrificial altar of Ru.
   360 | D:2      | Reached skill level 3 in Axes
   366 | D:2      | Reached XP level 3. HP: 34/34 MP: 3/3
   553 | D:2      | Found a snail-covered altar of Cheibriados.
   683 | D:3      | Reached XP level 4. HP: 35/42 MP: 4/4
   833 | D:4      | Noticed an ogre
   841 | D:4      | Killed an ogre
   841 | D:4      | Reached skill level 4 in Axes
   841 | D:4      | Reached XP level 5. HP: 36/50 MP: 5/5
   856 | D:4      | Noticed a phantom
   877 | D:4      | Killed a phantom
   877 | D:4      | Reached XP level 6. HP: 58/58 MP: 6/6
   949 | D:4      | Reached skill level 5 in Axes
  1267 | D:4      | Reached skill level 5 in Fighting
  1335 | D:5      | Entered Level 5 of the Dungeon
  1341 | D:5      | Reached XP level 7. HP: 46/67 MP: 7/7
  1352 | D:5      | Reached skill level 5 in Armour
  1397 | D:5      | Found a shadowy altar of Dithmenos.
  1442 | D:5      | Reached skill level 6 in Axes
  1667 | D:5      | Found an ornate altar of the Wu Jian Council.
  1728 | D:5      | Reached XP level 8. HP: 74/76 MP: 4/4
  1753 | D:5      | Found a sand-covered staircase.
  1757 | Ossuary  | Entered an ossuary
  1784 | Ossuary  | Reached skill level 7 in Axes
  1992 | D:5      | Found a shadowy altar of Dithmenos.
  2108 | D:6      | Found Doschum's Weapon Shop.
  2191 | D:6      | Noticed an air elemental
  2198 | D:6      | Found a stormy altar of Qazlal.
  2229 | D:6      | Reached skill level 8 in Axes
  2421 | D:6      | Found an iron altar of Okawaru.
  2452 | D:6      | Found a bloodstained altar of Trog.
  2662 | D:6      | Gained mutation: You passively map the area around you.
                  | [Deep Dwarf growth]
  2662 | D:6      | Reached XP level 9. HP: 56/86 MP: 1/1
  2679 | D:7      | Found Zin's Purification Station.
  2684 | D:7      | Found a glowing silver altar of Zin.
  2758 | D:7      | Found a staircase to the Ecumenical Temple.
  2824 | Temple   | Entered the Ecumenical Temple
  2854 | Temple   | Became a worshipper of Makhleb the Destroyer
  2901 | D:7      | Reached skill level 9 in Axes
  2906 | D:7      | Reached skill level 1 in Invocations
  2952 | D:7      | Noticed Menkaure
  2976 | D:7      | Killed Menkaure
  3589 | D:7      | Noticed Joseph
  3608 | D:7      | Killed Joseph
  3720 | D:8      | Reached * piety under Makhleb
  3724 | D:8      | Reached XP level 10. HP: 38/98 MP: 3/3
  3784 | D:8      | Found Jeleargh's Antique Weapon Shop.
  3806 | D:8      | Bought a scorched war axe for 272 gold pieces
  3806 | D:8      | Identified the cursed +0 war axe of Desperation {holy,
                  | rPois rN+ Int-3 Stlth+} (You bought it in a shop on level 8
                  | of the Dungeon)
  3830 | D:8      | Reached skill level 10 in Axes
  4214 | D:9      | Reached ** piety under Makhleb
  4268 | D:9      | Found Gigaos's Antique Weapon Shop.
  4348 | D:9      | Noticed a death yak
  4351 | D:9      | Noticed a death yak
  4352 | D:9      | Noticed a death yak
  4361 | D:9      | Reached skill level 5 in Shields
  4397 | D:9      | Slain by a death yak

Levels and vault maps discovered:
D:1:      onia_arrival_larder, layout_basic,
          hangedman_abyss_or_decor_lesser_grid
D:2:      lemuel_upstairs_altar, layout_basic,
          nicolae_ru_great_annihilating_truth, nicolae_overflow_crystal_walls,
          uniq_crazy_yiuf_cottage
D:3:      minmay_general_purpose_star, layout_basic,
          lemuel_coloured_pillars_altar, kiku_gazebo_pond_becter, first_ration
D:4:      layout_gridville
D:5:      layout_gridville, marbit_many_paths, nicolae_overflow_hidden_temple,
          enter_ossuary_5, grunt_dithmenos_shadows
D:6:      layout_basic, kennysheep_mini_moat, nicolae_qazlal_style_of_elements,
          okawaru_ov_weapons_minmay, serial_shops, nicolae_shop_trees
D:7:      layout_basic, zin_purify, minmay_temple_entry_proselytizer,
          uniq_menkaure, uniq_joseph
D:8:      layout_rooms, serial_shops, shop, grunt_ogre_cave
D:9:      layout_layer_cave, grunt_temple_overflow_opulence,
          overflow_temple_1_default, dpeg_lair_monsters, orc_0_dummy,
          serial_shops, nicolae_shop_waterfront
Temple:   compressed_dpeg_triangle_lava_temple

Skill      XL: |  1  2  3  4  5  6  7  8  9 10 |
---------------+-------------------------------+-----
Fighting       | 3 4 5 6 7 8 |  8.9
Axes           | 3 4 5 6 8 9 10 | 10.3
Armour         | 4 5 6 7 |  7.8
Invocations    | 3 4 |  4.3
Shields        | 4 5 |  5.0

Action                   |  1- 3 |  4- 6 |  7- 9 | 10-12 || total
-------------------------+-------+-------+-------+-------++-------
Melee: War axe           |   118 |   125 |   361 |   111 ||   715
       Hand axe          |       |       |   164 |    18 ||   182
 Abil: Heal Wounds       |     1 |    10 |    27 |    15 ||    53
  Use: Scroll            |       |       |    14 |       ||    14
       Potion            |       |       |     1 |     1 ||     2
 Stab: Paralysed         |     1 |       |       |       ||     1
  Eat: Chunk             |       |     2 |    14 |     2 ||    18
Armor: Scale mail        |    55 |    61 |   155 |       ||   271
       Plate armour      |       |       |    41 |   124 ||   165
Dodge: Dodged            |    47 |    49 |   164 |    37 ||   297
Block: Kite shield       |    71 |   100 |   250 |    95 ||   516

Table legend:
 A = Non-vault XP
 B = Vault XP
 C = Vault XP percentage of total XP
 D = Non-vault monster count
 E = Vault monster count
 F = Vault count percentage of total count
                 A         B        C        D         E       F
            +---------+---------+-------+---------+---------+-------
      Total |    6069 |    1263 |  17.2 |     186 |      32 |  14.7
            +---------+---------+-------+---------+---------+-------
        D:1 |      10 |       5 |  33.3 |       5 |       4 |  44.4
        D:2 |      74 |       7 |   8.6 |      14 |       4 |  22.2
        D:3 |      42 |       0 |   0.0 |      12 |       0 |   0.0
        D:4 |     577 |       0 |   0.0 |      22 |       0 |   0.0
        D:5 |     671 |     182 |  21.3 |      21 |       2 |   8.7
        D:6 |    1081 |       0 |   0.0 |      37 |       0 |   0.0
        D:7 |    1736 |     654 |  27.4 |      27 |       3 |  10.0
        D:8 |    1294 |     118 |   8.4 |      35 |       1 |   2.8
        D:9 |     584 |     147 |  20.1 |      13 |       2 |  13.3
    Ossuary |       0 |     150 | 100.0 |       0 |      16 | 100.0
            +---------+---------+-------+---------+---------+-------
